 Dungeon Crawl Stone Soup version 0.30-a0-719-gcc4359ea44 (webtiles) character file.

Game seed: 14104093553643438278

70 Arximoufas the Chopper (level 4, -3/33 HPs)
             Began as a Demonspawn Gladiator on Jan 26, 2023.
             Succumbed to Terence's poison
             ... on level 2 of the Dungeon.
             The game lasted 00:03:09 (1333 turns).

Arximoufas the Chopper (Demonspawn Gladiator)       Turns: 1333, Time: 00:03:09

Health: -3/33      AC: 11    Str: 16    XL:     4   Next: 3%
Magic:  4/4        EV: 12    Int:  9    God:
Gold:   88         SH:  0    Dex: 15    Spells: 3/3 levels left

rFire   . . .      SeeInvis .    a - +0 war axe
rCold   . . .      Faith    .    (no shield)
rNeg    . . .      Spirit   .    b - +0 leather armour
rPois   .          Reflect  .    (helmet restricted)
rElec   .          Harm     .    (no cloak)
rCorr   .          Rampage  .    (no gloves)
Will    .....                    h - +1 pair of boots
Stlth   +                        (no amulet)
HPRegen 0.25/turn                (no ring)
MPRegen 0.09/turn                (no ring)

@: lethally poisoned (-3 -> -23), sanguine armoured
A: antennae 1, sanguine armour 1
a: no special abilities


You were on level 2 of the Dungeon.
You visited 1 branch of the dungeon, and saw 2 of its levels.

You collected 88 gold pieces.

Inventory:

Hand Weapons
 a - a +0 war axe (weapon)
Missiles
 d - 3 throwing nets (quivered)
 e - a javelin
Armour
 b - a +0 leather armour (worn)
 c - a +0 helmet
 h - a +1 pair of boots (worn)
Scrolls
 f - 3 scrolls of teleportation {unknown}


   Skills:
 - Level 2.0 Fighting
 * Level 4.5 Axes
 - Level 1.7 Throwing
 - Level 2.6 Dodging


You had 3 spell levels left.
You didn't know any spells.
Your spell library contained the following spells:

 Spells                   Type           Power      Damage    Failure   Level
 Vhi's Electric Charge    Tloc/Air       0%         N/A       83%         3
 Arcjolt                  Conj/Air       0%         1d10      100%        5
 Maxwell's Capacitive Co  Air            0%         ∞         100%        8


Dungeon Overview and Level Annotations

Branches:
Dungeon (2/15)

Altars:

Annotations:
D:2 Sigmund, Terence


Innate Abilities, Weirdness & Mutations

You have a pair of small antennae on your head.
When seriously injured, your blood forms armour. (AC +6)


Message History

The adder barely misses you.
Terence hits you with a +1 hand axe of venom.
You are more poisoned.
The adder bites you but does no damage.
You hit the adder.
You kill the adder!
You hit Terence but do no damage.
You feel very sick. Terence closely misses you.
You have reached level 4!
You feel agile.
Your demonic ancestry asserts itself...
A pair of antennae grows on your head!
Your +0 helmet falls away!
It was a potion of curing.
You feel better. Terence misses you.
You completely miss Terence. Terence barely misses you.
Terence hits you but does no damage.
You hit Terence but do no damage. Terence barely misses you.
You hit Terence.
Terence is lightly wounded.
Terence misses you.
You slash Terence!
Terence is severely wounded.
Terence hits you with a +1 hand axe of venom!
You are poisoned.
Terence hits you but does no damage.
You are lethally poisoned!
You hit Terence.
Terence is almost dead.
* * * LOW HITPOINT WARNING * * *
You feel very sick. Terence hits you but does no damage.
You are more poisoned.
You closely miss Terence.
Terence is almost dead.
* * * LOW HITPOINT WARNING * * *
You feel extremely sick. Terence closely misses you.
You hit Terence but do no damage.
Terence is almost dead.
You die...

.# #.# # ####.###### #.# .# #.
#####.##...## ###+##
#.#####...........# ##...##
##....##.###........ ##.....##
###........# #........ #.......##
#..........####.......
.........###...)##.#............#
.........+.......................
.........# #...†@@.#.######...###
#.......# #.#.#.###.# #..##
##.<...## # #.# #.# #.## ##...##
... ..# #.# ##+## .### ### #.# ..
#.# .. #.# ... ##.##### #.>.....


You could see Terence.

Vanquished Creatures
  4 adders (D:2)
  4 dart slugs
  3 endoplasms
  A giant cockroach (D:2)
  3 goblins
  4 hobgoblins (D:2)
  A kobold (D:1)
  A ball python (D:2)
  A bat (D:1)
  2 frilled lizards
  3 rats
27 creatures vanquished.

Vanquished Creatures (others)
  2 plants (D:1)
2 creatures vanquished.

Grand Total: 29 creatures vanquished

Notes
Turn   | Place    | Note
-------+----------+-------------------------------------------
     0 | D:1      | Arximoufas the Demonspawn Gladiator began the quest for the
                  | Orb.
     0 | D:1      | Reached XP level 1. HP: 16/16 MP: 1/1
   140 | D:1      | Reached skill level 3 in Axes
   253 | D:1      | Gained mutation: When seriously injured, your blood forms
                  | armour. (AC +6) [demonic ancestry]
   253 | D:1      | Reached XP level 2. HP: 20/22 MP: 2/2
   842 | D:2      | Reached XP level 3. HP: 22/27 MP: 3/3
   935 | D:2      | Noticed Sigmund
   938 | D:2      | Reached skill level 4 in Axes
  1319 | D:2      | Noticed Terence
  1326 | D:2      | Gained mutation: You have a pair of small antennae on your
                  | head. [demonic ancestry]
  1326 | D:2      | Reached XP level 4. HP: 13/33 MP: 4/4
  1333 | D:2      | Succumbed to Terence's poison

Illustrated notes

Levels and vault maps discovered:
D:1:      dpeg_arrival_boxes_within_box, layout_basic, serial_bayou_ford_a
D:2:      layout_loops_corners, serial_shops, nicolae_shop_bloodbath_and_beyond,
          shapermc_ecumenical_altar_mp_highgroup, uniq_sigmund, uniq_terence,
          uniq_natasha

Skill      XL: |  1  2  3 |
---------------+----------+-----
Axes           | 3 4 |  4.5
Fighting       | |  2.0
Throwing       | |  1.7
Dodging        | |  2.6

Action                     |  1- 3 |  4- 6 || total
---------------------------+-------+-------++-------
  Melee: War axe           |    86 |     7 ||    93
         Punch             |     1 |       ||     1
    Use: Potion            |       |     1 ||     1
   Stab: Sleeping          |     1 |       ||     1
 Armour: Leather armour    |    26 |     3 ||    29
  Dodge: Dodged            |    62 |     5 ||    67

Table legend: (Time is in decaauts)
 A = Elapsed time spent in this place.
 B = Non-inter-level travel time spent in this place.
 C = Inter-level travel time spent in this place.
 D = Time resting spent in this place.
 E = Time spent auto-exploring this place.
 F = Levels seen in this place.
 G = Mean time per level.
                   A        B        C        D        E       F      G
               +--------+--------+--------+--------+--------+-----+--------+
         Total |   1365 |   1274 |     91 |    115 |    830 |   2 |  682.5 |
       Dungeon |   1365 |   1274 |     91 |    115 |    830 |   2 |  682.5 |
               +--------+--------+--------+--------+--------+-----+--------+

Top non-repeatable levels by time:
     D:1: 742 daAuts
     D:2: 623 daAuts
